[ AOE2 MATCH · #478221663 ]
Team RMCelts vs Japanese
[ REPLAY ANALYSIS · EXTRACTED FROM THE RECORDED GAME ]
Feudal
14:19
Castle
22:51
Imperial
—
| APM avg | 14.3 |
| APM peak | 37 |
| eAPM avg | 8.6 |
| Villagers / military | 67 / 24 |
Focus
⚔️ 15.7% · 🌾 84.3%
Knight ×22 · Trade Cart ×6 · Monk ×2
Feudal
15:23
Castle
25:40
Imperial
—
| APM avg | 9.4 |
| APM peak | 23 |
| eAPM avg | 6.1 |
| Villagers / military | 57 / 8 |
Focus
⚔️ 10.2% · 🌾 89.8%
Janissary ×7 · Monk ×1
Feudal
—
Castle
—
Imperial
—
| APM avg | 10.2 |
| APM peak | 40 |
| eAPM avg | 7.6 |
| Villagers / military | 25 / 6 |
Focus
⚔️ 23.5% · 🌾 76.5%
Spearman ×6
Feudal
—
Castle
—
Imperial
—
| APM avg | 3.5 |
| APM peak | 21 |
| eAPM avg | 2.0 |
| Villagers / military | 16 / 0 |
Focus
⚔️ 21.3% · 🌾 78.7%
Feudal
20:47
Castle
—
Imperial
—
| APM avg | 12.7 |
| APM peak | 36 |
| eAPM avg | 8.4 |
| Villagers / military | 50 / 3 |
Focus
⚔️ 8.2% · 🌾 91.8%
Fishing Ship ×10 · Demolition Raft ×3
Feudal
—
Castle
—
Imperial
—
| APM avg | 48.0 |
| APM peak | 117 |
| eAPM avg | 22.6 |
| Villagers / military | 0 / 0 |
Focus
⚔️ 38.8% · 🌾 61.2%
Feudal
12:03
Castle
20:53
Imperial
—
| APM avg | 21.6 |
| APM peak | 67 |
| eAPM avg | 9.3 |
| Villagers / military | 73 / 30 |
Focus
⚔️ 17.0% · 🌾 83.0%
Knight ×30
Feudal
24:31
Castle
—
Imperial
—
| APM avg | 10.2 |
| APM peak | 40 |
| eAPM avg | 8.1 |
| Villagers / military | 83 / 0 |
Focus
⚔️ 9.1% · 🌾 90.9%
Match map
Initial resources + every placement click. Lines = walls · curves = elevation contours. ◆ gold · ⬟ stone · ● berries · ✦ relic · ◌ wall gap
Your base· ✓ Closed at 22:51 · 0t walls · no gate
Noventa's base· ✓ Closed at 25:40 · 18t walls · no gate
ngoodnight01's base· ✓ Closed at 12:00 · 34t walls · no gate
chrisdalton2's base· ✓ Closed at 12:00 · 31t walls · 2 gate(s)
Noobburner's base· ✓ Closed at 30:20 · 38t walls · 2 gate(s)
sucarrigas's base· Open — opponent sealed themselves in
Loli drinks vodka ☭'s base· ✓ Closed at 20:53 · 21t walls · 1 gate(s)
battlegod's base· ✓ Closed at 12:00 · 16t walls · no gate
Smoothed initial terrain · ◌ = detected wall gap · hover for details
Inputs per minute
— 123 - - Noventa
Build order — 123
First 150 of 170 actions detected
| 0:01 | Create | Villager (Male) |
| 0:01 | Create | Villager (Male) |
| 0:02 | Create | Villager (Male) |
| 0:02 | Create | Villager (Male) |
| 0:02 | Create | Villager (Male) |
| 0:04 | Build | House |
| 0:07 | Build | House |
| 1:29 | Create | Villager (Male) |
| 2:09 | Build | Lumber Camp |
| 2:12 | Create | Villager (Male) |
| 2:13 | Create | Villager (Male) |
| 3:14 | Create | Villager (Male) |
| 3:14 | Create | Villager (Male) |
| 3:15 | Create | Villager (Male) |
| 3:15 | Create | Villager (Male) |
| 4:29 | Create | Villager (Male) |
| 4:29 | Create | Villager (Male) |
| 4:30 | Create | Villager (Male) |
| 4:30 | Create | Villager (Male) |
| 5:06 | Build | Mill |
| 5:21 | Research | Loom |
| 5:23 | Build | House |
| 5:24 | Build | House |
| 5:44 | Create | Villager (Male) |
| 5:44 | Create | Villager (Male) |
| 5:45 | Create | Villager (Male) |
| 6:13 | Create | Villager (Male) |
| 6:13 | Create | Villager (Male) |
| 7:23 | Create | Villager (Male) |
| 7:23 | Create | Villager (Male) |
| 8:27 | Create | Villager (Male) |
| 8:28 | Create | Villager (Male) |
| 8:28 | Create | Villager (Male) |
| 8:51 | Build | House |
| 8:52 | Build | House |
| 9:36 | Build | Mill |
| 9:46 | Build | Mining Camp |
| 9:53 | Create | Villager (Male) |
| 9:53 | Create | Villager (Male) |
| 9:53 | Create | Villager (Male) |
| 10:35 | Build | Farm |
| 10:46 | Build | Farm |
| 11:12 | Build | Farm |
| 11:19 | Create | Villager (Male) |
| 11:19 | Create | Villager (Male) |
| 11:51 | Build | Farm |
| 12:09 | Research | Feudal Age |
| 12:33 | Build | Farm |
| 14:19 | Age | Feudal Age |
| 14:26 | Research | Wheelbarrow |
| 14:30 | Create | Villager (Male) |
| 14:30 | Create | Villager (Male) |
| 14:30 | Create | Villager (Male) |
| 14:34 | Build | Mill |
| 14:42 | Research | Horse Collar |
| 14:50 | Build | Lumber Camp |
| 15:17 | Research | Double-Bit Axe |
| 15:50 | Build | Farm |
| 15:51 | Build | Farm |
| 15:55 | Build | Farm |
| 15:56 | Build | Farm |
| 15:58 | Build | Farm |
| 16:49 | Create | Villager (Male) |
| 17:24 | Build | Market |
| 17:36 | Build | Blacksmith |
| 17:45 | Build | House |
| 17:46 | Build | House |
| 17:48 | Build | House |
| 17:49 | Build | House |
| 18:06 | Create | Villager (Male) |
| 18:06 | Create | Villager (Male) |
| 18:39 | Research | Gold Mining |
| 18:40 | Research | Stone Mining |
| 19:05 | Build | Barracks |
| 19:30 | Build | Farm |
| 19:32 | Build | Farm |
| 19:33 | Build | Farm |
| 19:34 | Build | Farm |
| 19:36 | Build | Farm |
| 19:38 | Build | Farm |
| 19:39 | Build | Farm |
| 20:01 | Build | Stable |
| 20:03 | Build | Stable |
| 20:11 | Research | Castle Age |
| 20:35 | Build | House |
| 20:37 | Build | House |
| 20:45 | Build | Lumber Camp |
| 21:37 | Create | Villager (Male) |
| 21:37 | Create | Villager (Male) |
| 21:37 | Create | Villager (Male) |
| 21:38 | Create | Villager (Male) |
| 22:51 | Age | Castle Age |
| 22:56 | Build | Town Center |
| 23:12 | Create | Villager (Male) |
| 23:13 | Create | Villager (Male) |
| 23:41 | Build | Monastery |
| 23:49 | Research | Husbandry |
| 24:16 | Build | University |
| 24:32 | Create | Monk |
| 24:32 | Create | Monk |
| 24:45 | Build | Mining Camp |
| 24:53 | Create | Villager (Male) |
| 24:54 | Create | Villager (Male) |
| 24:54 | Create | Villager (Male) |
| 24:54 | Create | Villager (Male) |
| 24:54 | Create | Villager (Male) |
| 24:55 | Create | Villager (Male) |
| 24:55 | Create | Villager (Male) |
| 24:55 | Create | Villager (Male) |
| 24:55 | Create | Villager (Male) |
| 24:56 | Create | Villager (Male) |
| 24:56 | Create | Villager (Male) |
| 24:56 | Create | Villager (Male) |
| 24:56 | Create | Villager (Male) |
| 24:57 | Create | Villager (Male) |
| 24:57 | Create | Villager (Male) |
| 24:57 | Create | Villager (Male) |
| 25:22 | Create | Villager (Male) |
| 25:23 | Create | Villager (Male) |
| 25:23 | Create | Villager (Male) |
| 25:32 | Build | Stable |
| 25:34 | Build | Stable |
| 25:51 | Research | Caravan |
| 25:51 | Create | Trade Cart |
| 25:52 | Create | Trade Cart |
| 26:25 | Create | Knight |
| 26:25 | Create | Knight |
| 26:25 | Create | Knight |
| 26:49 | Build | Stable |
| 26:54 | Build | Stable |
| 27:13 | Create | Knight |
| 27:13 | Create | Knight |
| 27:39 | Research | Scale Barding Armor |
| 27:53 | Create | Knight |
| 27:59 | Create | Villager (Male) |
| 27:59 | Create | Villager (Male) |
| 27:59 | Create | Villager (Male) |
| 28:08 | Research | Hand Cart |
| 28:24 | Research | Treadmill Crane |
| 28:43 | Create | Knight |
| 28:43 | Create | Knight |
| 28:43 | Create | Knight |
| 28:59 | Create | Villager (Male) |
| 28:59 | Create | Villager (Male) |
| 29:13 | Create | Trade Cart |
| 29:14 | Create | Trade Cart |
| 29:14 | Create | Trade Cart |
| 29:14 | Create | Trade Cart |
| 30:06 | Build | House |
| 30:08 | Build | House |
Build order — Noventa
129 actions detected in the replay
| 0:07 | Build | House |
| 0:11 | Build | House |
| 0:14 | Research | Loom |
| 0:14 | Create | Villager (Male) |
| 0:15 | Create | Villager (Male) |
| 0:15 | Create | Villager (Male) |
| 0:15 | Create | Villager (Male) |
| 0:15 | Create | Villager (Male) |
| 0:16 | Create | Villager (Male) |
| 1:49 | Build | Palisade Wall |
| 2:13 | Build | Palisade Wall |
| 3:59 | Build | Palisade Wall |
| 4:06 | Create | Villager (Male) |
| 4:06 | Create | Villager (Male) |
| 4:06 | Create | Villager (Male) |
| 4:06 | Create | Villager (Male) |
| 5:18 | Create | Villager (Male) |
| 5:18 | Create | Villager (Male) |
| 5:46 | Create | Villager (Male) |
| 5:46 | Create | Villager (Male) |
| 5:47 | Create | Villager (Male) |
| 6:02 | Build | House |
| 6:09 | Build | House |
| 6:13 | Build | House |
| 6:18 | Build | House |
| 6:45 | Create | Villager (Male) |
| 6:45 | Create | Villager (Male) |
| 6:45 | Create | Villager (Male) |
| 7:38 | Create | Villager (Male) |
| 7:39 | Create | Villager (Male) |
| 7:39 | Create | Villager (Male) |
| 7:39 | Create | Villager (Male) |
| 9:00 | Create | Villager (Male) |
| 9:00 | Create | Villager (Male) |
| 9:00 | Create | Villager (Male) |
| 9:01 | Create | Villager (Male) |
| 9:01 | Create | Villager (Male) |
| 9:45 | Create | Villager (Male) |
| 10:10 | Create | Villager (Male) |
| 10:18 | Create | Villager (Male) |
| 10:31 | Create | Villager (Male) |
| 10:47 | Build | Mill |
| 12:28 | Build | Lumber Camp |
| 13:13 | Research | Feudal Age |
| 13:14 | Research | Feudal Age |
| 13:25 | Build | Mill |
| 13:45 | Create | Villager (Male) |
| 13:45 | Create | Villager (Male) |
| 13:45 | Create | Villager (Male) |
| 13:46 | Create | Villager (Male) |
| 13:46 | Create | Villager (Male) |
| 13:49 | Create | Villager (Male) |
| 13:50 | Create | Villager (Male) |
| 13:51 | Create | Villager (Male) |
| 14:20 | Build | Mining Camp |
| 15:14 | Build | Mining Camp |
| 15:23 | Age | Feudal Age |
| 15:44 | Research | Double-Bit Axe |
| 15:53 | Research | Horse Collar |
| 16:27 | Build | Farm |
| 17:03 | Build | Farm |
| 17:11 | Build | Farm |
| 17:23 | Research | Wheelbarrow |
| 17:35 | Build | Farm |
| 18:01 | Build | Farm |
| 18:25 | Build | Farm |
| 18:25 | Build | Farm |
| 18:55 | Create | Villager (Male) |
| 18:56 | Create | Villager (Male) |
| 18:56 | Create | Villager (Male) |
| 20:17 | Build | Farm |
| 20:19 | Build | Farm |
| 20:20 | Build | Farm |
| 20:20 | Build | Farm |
| 20:20 | Build | Farm |
| 20:20 | Build | Farm |
| 20:24 | Build | Farm |
| 21:34 | Build | Farm |
| 22:05 | Build | Market |
| 22:18 | Build | Blacksmith |
| 22:31 | Create | Villager (Male) |
| 22:49 | Build | Lumber Camp |
| 23:00 | Research | Castle Age |
| 23:09 | Research | Stone Mining |
| 23:14 | Research | Gold Mining |
| 23:25 | Research | Town Watch |
| 25:16 | Create | Villager (Male) |
| 25:17 | Create | Villager (Male) |
| 25:17 | Create | Villager (Male) |
| 25:17 | Create | Villager (Male) |
| 25:17 | Create | Villager (Male) |
| 25:19 | Create | Villager (Male) |
| 25:40 | Age | Castle Age |
| 25:45 | Build | Castle |
| 26:18 | Build | Lumber Camp |
| 26:42 | Research | Bow Saw |
| 26:59 | Build | House |
| 27:46 | Research | Hand Cart |
| 27:59 | Build | Town Center |
| 28:20 | Research | Gold Shaft Mining |
| 28:26 | Research | Heavy Plow |
| 29:57 | Create | Villager (Male) |
| 29:57 | Create | Villager (Male) |
| 29:58 | Create | Villager (Male) |
| 29:58 | Create | Villager (Male) |
| 29:58 | Create | Villager (Male) |
| 30:21 | Research | Imperial Age |
| 30:47 | Build | Monastery |
| 31:21 | Build | Farm |
| 31:21 | Build | Farm |
| 31:21 | Build | Farm |
| 31:21 | Build | Farm |
| 31:22 | Build | Farm |
| 31:22 | Build | Farm |
| 31:22 | Build | Farm |
| 31:24 | Build | Farm |
| 31:34 | Create | Janissary |
| 31:35 | Create | Janissary |
| 31:35 | Create | Janissary |
| 31:35 | Create | Janissary |
| 31:35 | Create | Janissary |
| 31:35 | Create | Janissary |
| 31:36 | Create | Janissary |
| 31:50 | Create | Monk |
| 32:16 | Research | Padded Archer Armor |
| 32:17 | Research | Fletching |
| 32:23 | Create | Villager (Male) |
| 32:23 | Create | Villager (Male) |
| 32:23 | Create | Villager (Male) |
Build order — ngoodnight01
76 actions detected in the replay
| 0:23 | Build | House |
| 0:24 | Build | House |
| 0:26 | Build | House |
| 0:26 | Build | House |
| 0:29 | Create | Villager (Male) |
| 0:30 | Create | Villager (Male) |
| 0:30 | Create | Villager (Male) |
| 0:30 | Create | Villager (Male) |
| 0:31 | Research | Loom |
| 2:34 | Build | Palisade Wall |
| 3:03 | Create | Villager (Male) |
| 3:04 | Create | Villager (Male) |
| 3:22 | Create | Villager (Male) |
| 5:36 | Build | Palisade Wall |
| 6:32 | Create | Villager (Male) |
| 6:33 | Create | Villager (Male) |
| 6:33 | Create | Villager (Male) |
| 6:33 | Create | Villager (Male) |
| 6:34 | Create | Villager (Male) |
| 6:34 | Create | Villager (Male) |
| 7:20 | Build | Mill |
| 7:57 | Build | Farm |
| 8:00 | Create | Villager (Male) |
| 8:17 | Build | Palisade Wall |
| 8:34 | Build | Farm |
| 8:41 | Build | Farm |
| 9:31 | Build | Farm |
| 9:51 | Build | Mining Camp |
| 10:03 | Create | Villager (Male) |
| 10:03 | Create | Villager (Male) |
| 10:04 | Create | Villager (Male) |
| 10:15 | Build | Palisade Wall |
| 12:51 | Build | Lumber Camp |
| 13:18 | Build | Mining Camp |
| 14:40 | Build | Mining Camp |
| 14:54 | Build | Lumber Camp |
| 16:15 | Build | Farm |
| 16:53 | Research | Feudal Age |
| 17:11 | Build | Mining Camp |
| 17:24 | Build | Lumber Camp |
| 17:29 | Create | Villager (Male) |
| 17:29 | Create | Villager (Male) |
| 17:30 | Create | Villager (Male) |
| 18:40 | Build | Palisade Wall |
| 20:10 | Build | Palisade Wall |
| 21:26 | Build | Mill |
| 22:20 | Build | Stone Wall |
| 22:40 | Build | Palisade Wall |
| 23:25 | Build | Stone Wall |
| 24:29 | Build | Stone Wall |
| 24:46 | Build | Stone Wall |
| 26:19 | Build | Barracks |
| 27:07 | Build | Stone Wall |
| 27:11 | Build | Gate |
| 28:27 | Create | Villager (Male) |
| 28:27 | Create | Villager (Male) |
| 28:27 | Create | Villager (Male) |
| 28:27 | Create | Villager (Male) |
| 28:28 | Create | Villager (Male) |
| 28:29 | Research | Town Watch |
| 29:50 | Build | House |
| 29:51 | Build | House |
| 29:53 | Build | House |
| 29:54 | Build | House |
| 29:56 | Build | House |
| 31:04 | Build | Stone Wall |
| 31:08 | Build | Gate |
| 31:19 | Build | Farm |
| 31:22 | Build | Farm |
| 31:34 | Create | Spearman |
| 31:34 | Create | Spearman |
| 31:35 | Create | Spearman |
| 31:35 | Create | Spearman |
| 31:36 | Create | Spearman |
| 31:36 | Create | Spearman |
| 31:52 | Build | Gate |
Build order — chrisdalton2
25 actions detected in the replay
| 0:01 | Research | Loom |
| 0:02 | Create | Villager (Male) |
| 0:02 | Create | Villager (Male) |
| 0:03 | Create | Villager (Male) |
| 0:03 | Create | Villager (Male) |
| 0:06 | Build | House |
| 0:08 | Build | House |
| 0:09 | Build | House |
| 1:09 | Build | Palisade Wall |
| 1:18 | Build | Palisade Gate |
| 3:22 | Build | Palisade Wall |
| 4:21 | Create | Villager (Male) |
| 4:22 | Create | Villager (Male) |
| 5:17 | Build | Palisade Wall |
| 5:43 | Build | Palisade Gate |
| 5:54 | Create | Villager (Male) |
| 5:55 | Create | Villager (Male) |
| 5:55 | Create | Villager (Male) |
| 5:55 | Create | Villager (Male) |
| 9:06 | Create | Villager (Male) |
| 9:06 | Create | Villager (Male) |
| 9:06 | Create | Villager (Male) |
| 9:07 | Create | Villager (Male) |
| 9:07 | Create | Villager (Male) |
| 9:07 | Create | Villager (Male) |
Build order — Noobburner
136 actions detected in the replay
| 0:05 | Build | House |
| 0:06 | Build | House |
| 0:08 | Build | House |
| 0:09 | Create | Villager (Male) |
| 0:09 | Create | Villager (Male) |
| 0:09 | Create | Villager (Male) |
| 0:10 | Create | Villager (Male) |
| 0:10 | Create | Villager (Male) |
| 1:36 | Create | Villager (Male) |
| 1:58 | Create | Villager (Male) |
| 1:58 | Create | Villager (Male) |
| 2:25 | Research | Loom |
| 2:34 | Create | Villager (Male) |
| 2:35 | Create | Villager (Male) |
| 2:35 | Create | Villager (Male) |
| 3:06 | Build | Palisade Wall |
| 3:20 | Create | Villager (Male) |
| 3:21 | Create | Villager (Male) |
| 3:21 | Create | Villager (Male) |
| 4:11 | Create | Villager (Male) |
| 4:11 | Create | Villager (Male) |
| 4:12 | Create | Villager (Male) |
| 4:12 | Create | Villager (Male) |
| 4:49 | Create | Villager (Male) |
| 4:50 | Create | Villager (Male) |
| 5:44 | Build | Lumber Camp |
| 6:43 | Create | Villager (Male) |
| 6:43 | Create | Villager (Male) |
| 6:43 | Create | Villager (Male) |
| 7:20 | Build | House |
| 7:22 | Build | House |
| 8:12 | Build | Mining Camp |
| 8:39 | Build | Mill |
| 8:53 | Create | Villager (Male) |
| 8:53 | Create | Villager (Male) |
| 8:53 | Create | Villager (Male) |
| 8:54 | Create | Villager (Male) |
| 9:04 | Build | Mill |
| 9:08 | Create | Villager (Male) |
| 9:18 | Build | Lumber Camp |
| 11:05 | Build | Mill |
| 11:11 | Build | House |
| 11:12 | Build | House |
| 12:24 | Build | Mining Camp |
| 12:44 | Create | Villager (Male) |
| 12:44 | Create | Villager (Male) |
| 12:45 | Create | Villager (Male) |
| 12:54 | Create | Villager (Male) |
| 12:54 | Create | Villager (Male) |
| 14:47 | Create | Villager (Male) |
| 14:54 | Build | Dock |
| 15:36 | Create | Villager (Male) |
| 15:37 | Create | Villager (Male) |
| 15:37 | Create | Villager (Male) |
| 15:37 | Create | Villager (Male) |
| 15:38 | Create | Villager (Male) |
| 15:46 | Create | Fishing Ship |
| 15:46 | Create | Fishing Ship |
| 15:59 | Build | Mining Camp |
| 16:08 | Create | Villager (Male) |
| 16:08 | Create | Villager (Male) |
| 16:31 | Build | House |
| 16:32 | Build | House |
| 16:34 | Build | House |
| 16:36 | Build | House |
| 16:58 | Build | Lumber Camp |
| 17:11 | Create | Fishing Ship |
| 17:12 | Create | Fishing Ship |
| 17:46 | Create | Villager (Male) |
| 18:37 | Research | Feudal Age |
| 18:42 | Create | Fishing Ship |
| 18:42 | Create | Fishing Ship |
| 19:13 | Build | Mining Camp |
| 19:34 | Build | Farm |
| 19:34 | Build | Farm |
| 19:35 | Build | Farm |
| 19:35 | Build | Farm |
| 19:37 | Build | Farm |
| 19:37 | Build | Farm |
| 19:38 | Build | Farm |
| 19:39 | Build | Farm |
| 19:40 | Build | Farm |
| 19:40 | Build | Farm |
| 20:47 | Age | Feudal Age |
| 20:48 | Research | Gold Mining |
| 20:49 | Research | Stone Mining |
| 20:50 | Research | Wheelbarrow |
| 21:07 | Research | Double-Bit Axe |
| 21:22 | Research | Horse Collar |
| 21:35 | Research | Tech 906 |
| 22:07 | Create | Villager (Male) ×2 |
| 22:18 | Create | Villager (Male) |
| 22:38 | Build | Gate |
| 22:46 | Build | Farm |
| 22:53 | Build | Fish Trap |
| 22:55 | Build | Fish Trap |
| 23:06 | Build | Fish Trap |
| 23:08 | Build | Fish Trap |
| 23:11 | Build | Farm |
| 23:13 | Build | Fish Trap |
| 23:19 | Build | Fish Trap |
| 23:24 | Create | Demolition Raft |
| 23:24 | Create | Demolition Raft |
| 23:32 | Create | Villager (Male) |
| 23:32 | Create | Villager (Male) |
| 23:33 | Create | Villager (Male) |
| 23:35 | Create | Demolition Raft |
| 23:40 | Create | Fishing Ship |
| 23:41 | Create | Fishing Ship |
| 23:41 | Create | Fishing Ship |
| 23:46 | Create | Fishing Ship |
| 23:52 | Build | Farm |
| 23:53 | Create | Villager (Male) |
| 24:02 | Create | Villager (Male) |
| 24:54 | Build | Lumber Camp |
| 25:36 | Build | Fish Trap |
| 25:38 | Build | Fish Trap |
| 26:02 | Build | Fish Trap |
| 26:24 | Build | Market |
| 26:35 | Build | Fish Trap |
| 26:49 | Build | Blacksmith |
| 27:08 | Build | Stone Wall |
| 27:13 | Build | Gate |
| 27:32 | Research | Fletching |
| 27:35 | Research | Forging |
| 27:36 | Research | Scale Barding Armor |
| 27:43 | Build | Fish Trap |
| 28:04 | Build | Fish Trap |
| 29:31 | Build | Lumber Camp |
| 30:20 | Research | Castle Age |
| 31:02 | Build | House |
| 31:03 | Build | House |
| 31:04 | Build | House |
| 31:05 | Build | House |
| 31:07 | Build | House |
| 31:07 | Build | House |
Build order — sucarrigas
92 actions detected in the replay
| 0:02 | Research | Loom |
| 6:36 | Build | Palisade Wall |
| 6:38 | Build | Palisade Wall |
| 7:25 | Build | Lumber Camp |
| 10:01 | Build | Palisade Wall |
| 10:11 | Build | Palisade Wall |
| 10:13 | Build | Palisade Wall |
| 10:15 | Build | Palisade Wall |
| 10:19 | Build | Palisade Wall |
| 10:23 | Build | Palisade Wall |
| 10:25 | Build | Palisade Wall |
| 10:29 | Build | Palisade Wall |
| 10:32 | Build | Palisade Wall |
| 10:36 | Build | Palisade Wall |
| 10:39 | Build | Palisade Wall |
| 10:42 | Build | Palisade Wall |
| 11:43 | Build | Lumber Camp |
| 13:15 | Build | Palisade Wall |
| 13:21 | Build | Palisade Wall |
| 13:27 | Build | Palisade Wall |
| 13:30 | Build | Palisade Wall |
| 13:38 | Build | Palisade Wall |
| 13:41 | Build | Palisade Wall |
| 13:47 | Build | Mill |
| 13:53 | Build | Palisade Wall |
| 14:02 | Build | Palisade Wall |
| 14:07 | Build | Palisade Wall |
| 14:10 | Build | Palisade Wall |
| 14:31 | Build | Palisade Wall |
| 14:34 | Build | Palisade Wall |
| 14:38 | Build | Palisade Wall |
| 14:41 | Build | Palisade Wall |
| 14:48 | Build | Palisade Wall |
| 15:16 | Build | Palisade Wall |
| 15:19 | Build | Palisade Wall |
| 15:21 | Build | Palisade Wall |
| 15:26 | Build | House |
| 15:42 | Build | Barracks |
| 15:47 | Build | Palisade Wall |
| 16:15 | Build | Palisade Wall |
| 16:19 | Build | Palisade Wall |
| 16:21 | Build | Palisade Wall |
| 16:25 | Build | Palisade Wall |
| 16:29 | Build | Palisade Wall |
| 16:33 | Build | Palisade Wall |
| 16:48 | Build | House |
| 16:54 | Build | Palisade Wall |
| 16:58 | Build | Palisade Wall |
| 17:07 | Build | Palisade Wall |
| 17:12 | Build | Palisade Wall |
| 17:13 | Build | Palisade Wall |
| 17:13 | Build | Palisade Wall |
| 17:14 | Build | Palisade Wall |
| 17:14 | Build | Palisade Wall |
| 17:15 | Build | Palisade Wall |
| 17:15 | Build | Palisade Wall |
| 17:16 | Build | Palisade Wall |
| 17:16 | Build | Palisade Wall |
| 17:17 | Build | Palisade Wall |
| 18:29 | Build | Palisade Gate |
| 18:36 | Build | Palisade Gate |
| 18:46 | Build | Palisade Wall |
| 18:51 | Build | Palisade Wall |
| 18:58 | Build | House |
| 19:01 | Build | House |
| 19:08 | Build | Barracks |
| 19:13 | Build | Barracks |
| 19:21 | Build | Palisade Wall |
| 19:27 | Build | Palisade Wall |
| 19:32 | Build | Palisade Wall |
| 19:35 | Build | Palisade Wall |
| 19:46 | Build | Palisade Wall |
| 19:52 | Build | Palisade Wall |
| 20:05 | Build | Palisade Wall |
| 20:21 | Build | Palisade Wall |
| 20:51 | Build | Mill |
| 21:13 | Build | Palisade Wall |
| 21:39 | Build | Palisade Wall |
| 22:00 | Build | Palisade Wall |
| 22:11 | Build | Palisade Wall |
| 22:12 | Build | Palisade Wall |
| 22:12 | Build | Palisade Wall |
| 22:12 | Build | Palisade Wall |
| 22:13 | Build | Palisade Wall |
| 22:13 | Build | Palisade Wall |
| 22:13 | Build | Palisade Wall |
| 22:14 | Build | Palisade Wall |
| 22:14 | Build | Palisade Wall |
| 22:15 | Build | Palisade Wall |
| 22:15 | Build | Palisade Wall |
| 22:16 | Build | Palisade Wall |
| 22:19 | Build | Palisade Wall |
Build order — Loli drinks vodka ☭
First 150 of 182 actions detected
| 0:06 | Build | House |
| 0:08 | Build | House |
| 0:10 | Research | Loom |
| 0:29 | Create | Villager (Male) |
| 0:29 | Create | Villager (Male) |
| 0:29 | Create | Villager (Male) |
| 0:30 | Create | Villager (Male) |
| 0:30 | Create | Villager (Male) |
| 0:47 | Build | Palisade Wall |
| 2:22 | Create | Villager (Male) |
| 2:22 | Create | Villager (Male) |
| 2:46 | Create | Villager (Male) |
| 2:46 | Create | Villager (Male) |
| 3:16 | Create | Villager (Male) |
| 3:17 | Create | Villager (Male) |
| 3:39 | Create | Villager (Male) |
| 3:58 | Create | Villager (Male) |
| 4:15 | Create | Villager (Male) |
| 4:26 | Build | House |
| 4:50 | Create | Villager (Male) |
| 4:56 | Build | House |
| 5:14 | Create | Villager (Male) |
| 5:27 | Create | Villager (Male) |
| 5:59 | Create | Villager (Male) |
| 6:19 | Create | Villager (Male) |
| 6:34 | Build | Lumber Camp |
| 7:04 | Create | Villager (Male) |
| 7:06 | Create | Villager (Male) |
| 7:08 | Create | Villager (Male) |
| 7:09 | Create | Villager (Male) |
| 8:02 | Build | House |
| 8:37 | Build | Mill |
| 9:53 | Research | Feudal Age |
| 11:02 | Build | Farm |
| 11:15 | Create | Villager (Male) |
| 11:15 | Create | Villager (Male) |
| 11:16 | Create | Villager (Male) |
| 11:16 | Create | Villager (Male) |
| 11:16 | Create | Villager (Male) |
| 11:16 | Create | Villager (Male) |
| 12:03 | Age | Feudal Age |
| 12:09 | Build | Market |
| 12:14 | Build | Farm |
| 12:20 | Create | Villager (Male) |
| 12:26 | Build | Blacksmith |
| 12:33 | Build | Farm |
| 12:56 | Build | Farm |
| 12:59 | Create | Villager (Male) |
| 13:24 | Build | Farm |
| 13:39 | Create | Villager (Male) |
| 13:44 | Build | House |
| 13:45 | Build | House |
| 13:46 | Build | House |
| 14:00 | Build | Stone Wall |
| 14:54 | Create | Villager (Male) |
| 15:03 | Build | Farm |
| 15:07 | Build | Farm |
| 15:11 | Build | Farm |
| 15:17 | Build | Mining Camp |
| 15:36 | Create | Villager (Male) |
| 15:40 | Create | Villager (Male) |
| 16:05 | Build | Farm |
| 16:08 | Create | Villager (Male) |
| 16:09 | Create | Villager (Male) |
| 16:19 | Build | Gate |
| 16:29 | Build | Mining Camp |
| 18:13 | Research | Castle Age |
| 18:41 | Research | Stone Mining |
| 19:21 | Research | Gold Mining |
| 19:26 | Create | Villager (Male) |
| 20:12 | Create | Villager (Male) |
| 20:12 | Create | Villager (Male) |
| 20:13 | Create | Villager (Male) |
| 20:13 | Create | Villager (Male) |
| 20:13 | Create | Villager (Male) |
| 20:16 | Build | Farm |
| 20:19 | Build | Farm |
| 20:22 | Build | Farm |
| 20:38 | Build | House |
| 20:39 | Build | House |
| 20:40 | Build | House |
| 20:41 | Build | House |
| 20:53 | Age | Castle Age |
| 20:57 | Build | Town Center |
| 21:05 | Build | Town Center |
| 22:07 | Create | Villager (Male) |
| 22:08 | Create | Villager (Male) |
| 22:08 | Create | Villager (Male) |
| 22:08 | Create | Villager (Male) |
| 22:09 | Create | Villager (Male) |
| 22:24 | Create | Villager (Male) |
| 22:25 | Create | Villager (Male) |
| 22:25 | Create | Villager (Male) |
| 22:25 | Create | Villager (Male) |
| 22:25 | Create | Villager (Male) |
| 22:29 | Create | Villager (Male) |
| 22:39 | Build | Farm |
| 22:40 | Build | Farm |
| 22:41 | Build | Farm |
| 22:42 | Build | Farm |
| 22:43 | Build | Farm |
| 22:54 | Create | Villager (Male) |
| 22:54 | Create | Villager (Male) |
| 23:01 | Create | Villager (Male) |
| 23:05 | Build | Farm |
| 23:09 | Build | Farm |
| 23:15 | Build | Farm |
| 23:31 | Research | Double-Bit Axe |
| 23:46 | Build | Farm |
| 23:50 | Create | Villager (Male) |
| 23:59 | Create | Villager (Male) |
| 24:03 | Create | Villager (Male) |
| 24:07 | Create | Villager (Male) |
| 24:15 | Build | Farm |
| 24:16 | Build | Farm |
| 24:17 | Build | Farm |
| 24:18 | Build | Farm |
| 25:03 | Research | Forging |
| 25:04 | Research | Scale Barding Armor |
| 25:20 | Build | Barracks |
| 25:53 | Create | Villager (Male) |
| 25:53 | Create | Villager (Male) |
| 25:53 | Create | Villager (Male) |
| 25:54 | Create | Villager (Male) |
| 25:54 | Create | Villager (Male) |
| 25:54 | Create | Villager (Male) |
| 25:54 | Create | Villager (Male) |
| 25:55 | Create | Villager (Male) |
| 25:55 | Create | Villager (Male) |
| 25:55 | Create | Villager (Male) |
| 26:00 | Build | Stable |
| 26:02 | Build | Stable |
| 26:03 | Build | Stable |
| 26:05 | Build | Stable |
| 26:25 | Research | Iron Casting |
| 26:48 | Build | House |
| 26:49 | Build | House |
| 26:50 | Build | House |
| 26:51 | Build | House |
| 26:52 | Build | House |
| 26:52 | Build | House |
| 26:54 | Build | House |
| 26:55 | Build | House |
| 27:03 | Research | Husbandry |
| 27:11 | Research | Chain Barding Armor |
| 27:27 | Create | Knight |
| 27:29 | Create | Knight |
| 27:37 | Create | Knight |
| 27:42 | Create | Knight |
| 27:51 | Create | Knight |
Build order — battlegod
First 150 of 159 actions detected
| 0:12 | Create | Villager (Male) |
| 0:12 | Create | Villager (Male) |
| 0:12 | Create | Villager (Male) |
| 0:13 | Create | Villager (Male) |
| 0:13 | Create | Villager (Male) |
| 0:13 | Create | Villager (Male) |
| 0:37 | Build | Lumber Camp |
| 1:01 | Build | House |
| 1:02 | Build | House |
| 1:04 | Build | House |
| 1:05 | Build | House |
| 1:06 | Build | House |
| 1:08 | Build | House |
| 1:11 | Build | House |
| 4:08 | Build | House |
| 4:10 | Build | House |
| 4:13 | Build | House |
| 4:16 | Build | House |
| 4:22 | Create | Villager (Male) |
| 4:23 | Create | Villager (Male) |
| 4:23 | Create | Villager (Male) |
| 5:07 | Build | Mill |
| 7:03 | Build | Palisade Wall |
| 7:37 | Create | Villager (Male) |
| 7:38 | Create | Villager (Male) |
| 7:38 | Create | Villager (Male) |
| 8:14 | Build | Farm |
| 9:50 | Create | Villager (Male) |
| 9:50 | Create | Villager (Male) |
| 9:51 | Create | Villager (Male) |
| 10:03 | Build | Farm |
| 10:31 | Build | Mining Camp |
| 10:37 | Build | Mill |
| 10:47 | Build | Barracks |
| 11:19 | Create | Villager (Male) |
| 11:19 | Create | Villager (Male) |
| 11:20 | Create | Villager (Male) |
| 11:20 | Create | Villager (Male) |
| 11:35 | Build | Farm |
| 13:12 | Create | Villager (Male) |
| 13:13 | Create | Villager (Male) |
| 13:13 | Create | Villager (Male) |
| 13:13 | Create | Villager (Male) |
| 13:13 | Create | Villager (Male) |
| 13:25 | Build | Farm |
| 13:41 | Build | Farm |
| 14:02 | Build | Farm |
| 14:15 | Build | Farm |
| 15:12 | Build | House |
| 15:14 | Build | House |
| 15:15 | Build | House |
| 15:18 | Build | House |
| 15:20 | Build | House |
| 15:23 | Build | House |
| 15:25 | Build | House |
| 15:26 | Build | House |
| 15:28 | Build | House |
| 15:29 | Build | House |
| 15:30 | Build | House |
| 15:32 | Build | House |
| 15:35 | Build | House |
| 15:36 | Build | House |
| 15:39 | Build | House |
| 15:41 | Build | House |
| 15:42 | Build | House |
| 15:44 | Build | House |
| 15:46 | Build | House |
| 15:48 | Build | House |
| 15:49 | Build | House |
| 15:50 | Build | House |
| 15:52 | Build | House |
| 16:06 | Create | Villager (Male) |
| 16:06 | Create | Villager (Male) |
| 16:07 | Create | Villager (Male) |
| 16:07 | Create | Villager (Male) |
| 16:07 | Create | Villager (Male) |
| 16:07 | Create | Villager (Male) |
| 16:08 | Create | Villager (Male) |
| 16:27 | Build | Farm |
| 16:29 | Build | Farm |
| 16:31 | Build | Farm |
| 16:37 | Build | Farm |
| 16:38 | Build | Farm |
| 16:43 | Build | Farm |
| 16:43 | Build | Farm |
| 16:44 | Build | Farm |
| 16:44 | Build | Farm |
| 16:44 | Build | Farm |
| 16:44 | Build | Farm |
| 16:45 | Build | Farm |
| 16:45 | Build | Farm |
| 16:45 | Build | Farm |
| 16:46 | Build | Farm |
| 16:46 | Build | Farm |
| 16:46 | Build | Farm |
| 16:49 | Build | Farm |
| 16:50 | Build | Farm |
| 16:50 | Build | Farm |
| 17:10 | Build | Farm |
| 17:57 | Build | Farm |
| 18:15 | Create | Villager (Male) |
| 18:15 | Create | Villager (Male) |
| 18:15 | Create | Villager (Male) |
| 18:16 | Create | Villager (Male) |
| 18:16 | Create | Villager (Male) |
| 18:16 | Create | Villager (Male) |
| 18:21 | Create | Villager (Male) |
| 18:22 | Create | Villager (Male) |
| 18:22 | Create | Villager (Male) |
| 18:31 | Build | Farm |
| 20:12 | Create | Villager (Male) |
| 20:13 | Create | Villager (Male) |
| 20:13 | Create | Villager (Male) |
| 20:13 | Create | Villager (Male) |
| 20:13 | Create | Villager (Male) |
| 20:14 | Create | Villager (Male) |
| 20:14 | Create | Villager (Male) |
| 20:14 | Create | Villager (Male) |
| 20:14 | Create | Villager (Male) |
| 20:14 | Create | Villager (Male) |
| 20:20 | Research | Loom |
| 20:32 | Build | Farm |
| 21:14 | Build | Farm |
| 21:32 | Build | Farm |
| 22:08 | Research | Loom |
| 22:15 | Research | Feudal Age |
| 22:15 | Create | Villager (Male) |
| 22:16 | Create | Villager (Male) |
| 22:16 | Create | Villager (Male) |
| 22:16 | Create | Villager (Male) |
| 22:17 | Create | Villager (Male) |
| 22:17 | Create | Villager (Male) |
| 22:20 | Research | Loom |
| 24:31 | Age | Feudal Age |
| 24:47 | Build | Town Center |
| 27:47 | Create | Villager (Male) |
| 27:47 | Create | Villager (Male) |
| 27:47 | Create | Villager (Male) |
| 27:48 | Create | Villager (Male) |
| 27:48 | Create | Villager (Male) |
| 27:48 | Create | Villager (Male) |
| 27:48 | Create | Villager (Male) |
| 28:10 | Build | Blacksmith |
| 28:20 | Build | Market |
| 28:38 | Build | Lumber Camp |
| 29:00 | Create | Villager (Male) |
| 29:01 | Create | Villager (Male) ×5 |
| 29:01 | Create | Villager (Male) ×5 |
| 29:01 | Create | Villager (Male) ×5 |
| 29:01 | Create | Villager (Male) ×4 |
Match timeline
| 0:47 | Loli drinks vodka ☭ · wall_segment Palisade Wall x11 |
| 1:09 | chrisdalton2 · wall_segment Palisade Wall x10 |
| 1:49 | Noventa · wall_segment Palisade Wall x8 |
| 2:13 | Noventa · wall_segment Palisade Wall x1 |
| 2:34 | ngoodnight01 · wall_segment Palisade Wall x12 |
| 3:06 | Noobburner · wall_segment Palisade Wall x15 |
| 3:22 | chrisdalton2 · wall_segment Palisade Wall x10 |
| 3:59 | Noventa · wall_segment Palisade Wall x9 |
| 5:17 | chrisdalton2 · wall_segment Palisade Wall x11 |
| 5:36 | ngoodnight01 · wall_segment Palisade Wall x10 |
| 6:36 | sucarrigas · wall_segment Palisade Wall x1 |
| 6:38 | sucarrigas · wall_segment Palisade Wall x1 |
| 7:03 | battlegod · wall_segment Palisade Wall x16 |
| 8:17 | ngoodnight01 · wall_segment Palisade Wall x11 |
| 10:01 | sucarrigas · wall_segment Palisade Wall x1 |
| 10:11 | sucarrigas · wall_segment Palisade Wall x1 |
| 10:13 | sucarrigas · wall_segment Palisade Wall x1 |
| 10:15 | ngoodnight01 · wall_segment Palisade Wall x1 |
| 10:15 | sucarrigas · wall_segment Palisade Wall x1 |
| 10:19 | sucarrigas · wall_segment Palisade Wall x1 |
| 10:23 | sucarrigas · wall_segment Palisade Wall x1 |
| 10:25 | sucarrigas · wall_segment Palisade Wall x1 |
| 10:29 | sucarrigas · wall_segment Palisade Wall x1 |
| 10:32 | sucarrigas · wall_segment Palisade Wall x1 |
| 10:36 | sucarrigas · wall_segment Palisade Wall x1 |
| 10:39 | sucarrigas · wall_segment Palisade Wall x1 |
| 10:42 | sucarrigas · wall_segment Palisade Wall x1 |
| 10:47 | battlegod · first_building Barracks |
| 12:02 | chrisdalton2 · resign |
| 12:03 | Loli drinks vodka ☭ · age_up feudal |
| 13:15 | sucarrigas · wall_segment Palisade Wall x1 |
| 13:21 | sucarrigas · wall_segment Palisade Wall x1 |
| 13:27 | sucarrigas · wall_segment Palisade Wall x2 |
| 13:30 | sucarrigas · wall_segment Palisade Wall x1 |
| 13:38 | sucarrigas · wall_segment Palisade Wall x1 |
| 13:41 | sucarrigas · wall_segment Palisade Wall x1 |
| 13:53 | sucarrigas · wall_segment Palisade Wall x1 |
| 14:00 | Loli drinks vodka ☭ · wall_segment Stone Wall x10 |
| 14:02 | sucarrigas · wall_segment Palisade Wall x1 |
| 14:07 | sucarrigas · wall_segment Palisade Wall x1 |
| 14:10 | sucarrigas · wall_segment Palisade Wall x1 |
| 14:19 | 123 · age_up feudal |
| 14:31 | sucarrigas · wall_segment Palisade Wall x1 |
| 14:34 | sucarrigas · wall_segment Palisade Wall x1 |
| 14:38 | sucarrigas · wall_segment Palisade Wall x1 |
| 14:41 | sucarrigas · wall_segment Palisade Wall x1 |
| 14:48 | sucarrigas · wall_segment Palisade Wall x1 |
| 14:54 | Noobburner · first_building Dock |
| 15:16 | sucarrigas · wall_segment Palisade Wall x1 |
| 15:19 | sucarrigas · wall_segment Palisade Wall x1 |
| 15:21 | sucarrigas · wall_segment Palisade Wall x1 |
| 15:23 | Noventa · age_up feudal |
| 15:42 | sucarrigas · first_building Barracks |
| 15:47 | sucarrigas · wall_segment Palisade Wall x1 |
| 16:15 | sucarrigas · wall_segment Palisade Wall x1 |
| 16:19 | sucarrigas · wall_segment Palisade Wall x1 |
| 16:21 | sucarrigas · wall_segment Palisade Wall x1 |
| 16:25 | sucarrigas · wall_segment Palisade Wall x1 |
| 16:29 | sucarrigas · wall_segment Palisade Wall x1 |
| 16:33 | sucarrigas · wall_segment Palisade Wall x1 |
| 16:54 | sucarrigas · wall_segment Palisade Wall x1 |
| 16:58 | sucarrigas · wall_segment Palisade Wall x1 |
| 17:07 | sucarrigas · wall_segment Palisade Wall x1 |
| 17:12 | sucarrigas · wall_segment Palisade Wall x1 |
| 17:13 | sucarrigas · wall_segment Palisade Wall x1 |
| 17:13 | sucarrigas · wall_segment Palisade Wall x1 |
| 17:14 | sucarrigas · wall_segment Palisade Wall x2 |
| 17:14 | sucarrigas · wall_segment Palisade Wall x1 |
| 17:15 | sucarrigas · wall_segment Palisade Wall x2 |
| 17:15 | sucarrigas · wall_segment Palisade Wall x1 |
| 17:16 | sucarrigas · wall_segment Palisade Wall x2 |
| 17:16 | sucarrigas · wall_segment Palisade Wall x1 |
| 17:17 | sucarrigas · wall_segment Palisade Wall x1 |
| 18:40 | ngoodnight01 · wall_segment Palisade Wall x7 |
| 18:46 | sucarrigas · wall_segment Palisade Wall x1 |
| 18:51 | sucarrigas · wall_segment Palisade Wall x1 |
| 19:05 | 123 · first_building Barracks |
| 19:21 | sucarrigas · wall_segment Palisade Wall x1 |
| 19:27 | sucarrigas · wall_segment Palisade Wall x1 |
| 19:32 | sucarrigas · wall_segment Palisade Wall x1 |
| 19:35 | sucarrigas · wall_segment Palisade Wall x1 |
| 19:46 | sucarrigas · wall_segment Palisade Wall x1 |
| 19:52 | sucarrigas · wall_segment Palisade Wall x1 |
| 20:01 | 123 · first_building Stable |
| 20:05 | sucarrigas · wall_segment Palisade Wall x1 |
| 20:10 | ngoodnight01 · wall_segment Palisade Wall x4 |
| 20:21 | sucarrigas · wall_segment Palisade Wall x1 |
| 20:47 | Noobburner · age_up feudal |
| 20:53 | Loli drinks vodka ☭ · age_up castle |
| 21:13 | sucarrigas · wall_segment Palisade Wall x1 |
| 21:39 | sucarrigas · wall_segment Palisade Wall x1 |
| 22:00 | sucarrigas · wall_segment Palisade Wall x1 |
| 22:11 | sucarrigas · wall_segment Palisade Wall x1 |
| 22:12 | sucarrigas · wall_segment Palisade Wall x1 |
| 22:12 | sucarrigas · wall_segment Palisade Wall x2 |
| 22:12 | sucarrigas · wall_segment Palisade Wall x1 |
| 22:13 | sucarrigas · wall_segment Palisade Wall x1 |
| 22:13 | sucarrigas · wall_segment Palisade Wall x2 |
| 22:13 | sucarrigas · wall_segment Palisade Wall x1 |
| 22:14 | sucarrigas · wall_segment Palisade Wall x1 |
| 22:14 | sucarrigas · wall_segment Palisade Wall x1 |
| 22:15 | sucarrigas · wall_segment Palisade Wall x1 |
| 22:15 | sucarrigas · wall_segment Palisade Wall x1 |
| 22:16 | sucarrigas · wall_segment Palisade Wall x1 |
| 22:19 | sucarrigas · wall_segment Palisade Wall x1 |
| 22:20 | ngoodnight01 · wall_segment Stone Wall x6 |
| 22:40 | ngoodnight01 · wall_segment Palisade Wall x3 |
| 22:51 | 123 · age_up castle |
| 23:25 | ngoodnight01 · wall_segment Stone Wall x10 |
| 23:41 | 123 · first_building Monastery |
| 24:29 | ngoodnight01 · wall_segment Stone Wall x11 |
| 24:31 | battlegod · age_up feudal |
| 24:46 | ngoodnight01 · wall_segment Stone Wall x1 |
| 25:20 | Loli drinks vodka ☭ · first_building Barracks |
| 25:40 | Noventa · age_up castle |
| 25:45 | Noventa · first_building Castle |
| 26:00 | Loli drinks vodka ☭ · first_building Stable |
| 26:19 | ngoodnight01 · first_building Barracks |
| 27:07 | ngoodnight01 · wall_segment Stone Wall x12 |
| 27:08 | Noobburner · wall_segment Stone Wall x23 |
| 30:47 | Noventa · first_building Monastery |
| 30:54 | battlegod · first_building Stable |
| 31:04 | ngoodnight01 · wall_segment Stone Wall x12 |
[ AI ANALYSIS · 1 CREDIT ]
What really happened in this match?
Wolo.gg analyzes every decision: build order, eco, micro, common mistakes by bracket. Personalized analysis on WhatsApp or Discord in 30 seconds.
Civ guide
Celts
Map guide
Black Forest
Perfil
123